 Dungeon Crawl Stone Soup version 0.30-a0-738-g116ff8c4af (webtiles) character file.

Game seed: 10198635720440140508

66 KleinerIrrer the Trooper (level 4, 50/50 HPs)
             Began as an Ogre Warper on Feb 3, 2023.
             Got out of the dungeon alive.
             The game lasted 00:02:24 (1119 turns).

KleinerIrrer the Trooper (Ogre Warper)              Turns: 1119, Time: 00:02:25

Health: 50/50      AC:  3    Str: 23    XL:     4   Next: 15%
Magic:  7/7        EV:  9    Int: 14    God:
Gold:   72         SH:  0    Dex:  8    Spells: 7/7 levels left

rFire   . . .      SeeInvis .    m - +1 dagger (venom)
rCold   . . .      Faith    .    (no shield)
rNeg    . . .      Spirit   .    b - +0 robe
rPois   .          Reflect  .    (helmet restricted)
rElec   .          Harm     .    (no cloak)
rCorr   .          Rampage  .    (gloves unavailable)
Will    .....                    (boots unavailable)
Stlth   +                        (no amulet)
HPRegen 0.28/turn                l - +6 ring of strength
MPRegen 0.10/turn                (no ring)

@: no status effects
A: large, unfitting armour, tough skin 1
a: no special abilities


You escaped.
You visited 1 branch of the dungeon, and saw 2 of its levels.

You collected 72 gold pieces.

Inventory:

Hand Weapons
 a - a +0 mace
 m - a +1 dagger of venom (weapon)
Missiles
 d - 7 boomerangs of dispersal (quivered)
 g - a throwing net
Armour
 b - a +0 robe (worn)
Jewellery
 k - a ring of ice
 l - a +6 ring of strength (left hand)
Scrolls
 c - a scroll of blinking
 e - a scroll of identify {unknown}
 i - a scroll of poison {unknown}
 j - a scroll of vulnerability {unknown}
Potions
 f - a potion of haste {unknown}
 h - a potion of curing
 n - 2 potions of magic {unknown}


   Skills:
 + Level 5.5 Fighting
 - Level 2.0 Maces & Flails
 - Level 1.0 Throwing
 - Level 2.1 Dodging
 - Level 2.4 Spellcasting
 - Level 2.6 Translocations


You had 7 spell levels left.
You didn't know any spells.
Your spell library contained the following spells:

 Spells                   Type           Power      Damage    Failure   Level
 Blink                    Tloc           18%        N/A       12%         2
 Lesser Beckoning         Tloc           18%        N/A       12%         2
 Teleport Other           Tloc           9%         N/A       22%         3
 Vhi's Electric Charge    Tloc/Air       10%        N/A       36%         3
 Manifold Assault         Tloc           9%         N/A       58%         4


Dungeon Overview and Level Annotations

Branches:
Dungeon (2/15)

Altars:


Innate Abilities, Weirdness & Mutations

You are too large for most types of armour.
You have tough skin. (AC +1)


Message History

The quokka is moderately wounded.
The quokka barely misses you.
You barely miss the quokka. Your punch misses the quokka.
The quokka is heavily wounded.
The quokka bites you but does no damage.
The quokka closely misses you.
You hit the quokka but do no damage.
The quokka looks as sick as possible!
The quokka is severely wounded.
You kill the quokka!
You closely miss the frilled lizard. The frilled lizard bites you.
You hit the frilled lizard but do no damage.
The frilled lizard is poisoned.
You kill the frilled lizard!
You completely miss the goblin. The goblin barely misses you.
You closely miss the goblin. The goblin hits you with a +0 club.
You hit the goblin.
You kill the goblin!
No target in view!
No target in view!
No target in view!
No target in view!
No target in view!
No target in view!
No target in view!
No target in view!
No target in view!
No target in view!
No target in view!
No target in view!
No target in view!
No target in view!
No target in view!
There is a stone staircase leading up here.
You climb upwards.
There is a stone staircase leading down here.
HP restored.
You enter the shallow water.
There is a staircase leading out of the dungeon here.
Are you sure you want to leave the Dungeon?
This will make you lose the game!
You have escaped!

#######........###........##.#
#.........####...>..##....##.#
#.#######.# ######.########.##
#....# #..# #............
#....# #.~♣ ♣♣♣♣♣~.#######...
#....# #~~♣♣♣♣♣≈♣≈≈~~# #..^
#.†..# #♣≈~~~~~~~~~≈♣# #...
#.#### ♣≈~~~~~~~~~♣♣ #... #.#
♣♣~~~~@~~~~≈♣ #... #.#
♣~~~~~~~~~≈♣ #†.. #.#
#♣♣~~~~~~~~~≈♣#######... #.#
##~~≈♣≈♣≈♣♣♣♣~~..........
#.#####..~♣♣♣♣♣♣ ♣~..#########
#.........# ##### #########.#
###########.# ............#


There were no monsters in sight!

Vanquished Creatures
  Terence (D:2)
  An adder (D:2)
  2 dart slugs
  A ball python (D:2)
  A bat (D:1)
  An endoplasm (D:2)
  A giant cockroach (D:1)
  2 hobgoblins
  2 jackals (D:2)
  3 quokkas
  2 frilled lizards
  8 goblins
  4 rats
29 creatures vanquished.

Notes
Turn   | Place    | Note
-------+----------+-------------------------------------------
     0 | D:1      | KleinerIrrer the Ogre Warper began the quest for the Orb.
     0 | D:1      | Reached XP level 1. HP: 22/22 MP: 3/3
   130 | D:1      | Reached skill level 3 in Fighting
   201 | D:1      | Reached XP level 2. HP: 26/31 MP: 5/5
   842 | D:2      | Noticed Terence
   850 | D:2      | Reached skill level 4 in Fighting
   858 | D:2      | Killed Terence
   859 | D:2      | Reached XP level 3. HP: 15/41 MP: 6/6
   992 | D:2      | Reached skill level 5 in Fighting
  1006 | D:2      | Reached XP level 4. HP: 41/50 MP: 7/7
  1119 | D:$      | Got out of the dungeon alive.

Illustrated notes

Levels and vault maps discovered:
D:1:      reono_arrival_forest_river, layout_basic
D:2:      layout_basic, ebering_ecumenical_altar_rust, uniq_terence

Skill      XL: |  1  2  3 |
---------------+----------+-----
Fighting       | 3 4 5 |  5.5
Maces & Flails | 2 |  2.0
Throwing       | |  1.0
Dodging        | |  2.1
Spellcasting   | |  2.4
Translocations | |  2.6

Action                     |  1- 3 |  4- 6 || total
---------------------------+-------+-------++-------
  Melee: Mace              |    43 |       ||    43
         Dagger            |    46 |    28 ||    74
         Punch             |     2 |       ||     2
    Use: Potion            |     1 |       ||     1
 Armour: Robe              |    23 |    10 ||    33
  Dodge: Dodged            |    58 |     7 ||    65

Table legend: (Time is in decaauts)
 A = Elapsed time spent in this place.
 B = Non-inter-level travel time spent in this place.
 C = Inter-level travel time spent in this place.
 D = Time resting spent in this place.
 E = Time spent auto-exploring this place.
 F = Levels seen in this place.
 G = Mean time per level.
                   A        B        C        D        E       F      G
               +--------+--------+--------+--------+--------+-----+--------+
         Total |   1131 |   1029 |    102 |      0 |    820 |   2 |  565.5 |
       Dungeon |   1131 |   1029 |    102 |      0 |    820 |   2 |  565.5 |
               +--------+--------+--------+--------+--------+-----+--------+

Top non-repeatable levels by time:
     D:1: 930 daAuts
     D:2: 200 daAuts
